AoeStats
← kOtH

Arena

507636013Analyzed
4v4 RM · 12d ago on Sep 19, 2026· 45m 30s· 8 players
Game mode
Random Map
Map size
Large (8 player)
Population
200
Speed
Normal
Resources
Standard
Victory
Conquest
Starting age
Dark Age
Ending age
Imperial Age
RankedLock teamsTeams togetherTeam positionsShared explorationLock speedFull tech treeHidden civsTurbo modeCheats
Victory
Defeat
🇨🇱 Gurjaras · Chile
1563
+8
🇨🇱 Saracens · Chile
1410
+13
🇨🇱 Japanese · Chile
1322
+17
🇨🇱 Spanish · Chile
1286
+17
🇦🇷 Bohemians · Argentina
1378
-15
🇨🇱 Lithuanians · Chile
1355
-14
🇲🇽 Persians · Mexico
1346
-14
🇦🇷 Armenians · Argentina
1293
-12
El jocktas
10:52 Feudal Age
11:48 Double-Bit Axe
14:30 Castle Age
12:34 Loom
13:16 Horse Collar
26:40 Imperial Age
24:18 Fletching
25:59 Bow Saw
25:40 Gold Mining
25:46 Gold Mining
26:03 Bodkin Arrow
27:14 Padded Archer Armor
28:04 Bracer
30:08 Leather Archer Armor
30:14 Ballistics
29:48 Elite Skirmisher
31:07 Elite Skirmisher
35:07 Wheelbarrow
36:07 Chemistry
36:09 Crossbowman
39:06 Arbalester
MaximoMGM
9:57 Feudal Age
14:18 Castle Age
12:15 Horse Collar
13:19 Double-Bit Axe
15:42 Bow Saw
19:54 Heavy Plow
23:25 Town Watch
24:36 Gold Mining
25:06 Fletching
25:51 Bloodlines
25:49 Scale Barding Armor
28:10 Forging
28:31 Husbandry
28:55 Stone Mining
29:49 Wheelbarrow
29:01 Loom
30:28 Chain Barding Armor
34:26 Imperial Age
34:09 Stone Shaft Mining
34:12 Iron Casting
34:20 Light Cavalry
36:22 Plate Barding Armor
35:39 Cavalier
36:26 Cavalier
38:30 Hand Cart
41:00 Two-Man Saw
40:55 Conscription
40:48 Winged Hussar
NT | MCLovin1986
11:06 Feudal Age
11:55 Double-Bit Axe
15:01 Castle Age
12:46 Horse Collar
15:56 Bow Saw
16:59 Fervor
25:21 Imperial Age
25:28 Wheelbarrow
25:29 Heavy Plow
26:53 Chemistry
26:56 Conscription
27:46 Padded Archer Armor
29:26 Two-Man Saw
29:43 Hand Cart
32:50 Loom
38:07 Leather Archer Armor
kOtH
10:06 Feudal Age
11:45 Loom
15:11 Castle Age
14:10 Double-Bit Axe
14:14 Horse Collar
15:01 Gold Mining
17:28 Wheelbarrow
22:18 Bow Saw
22:30 Heavy Plow
25:19 Husbandry
25:39 Bloodlines
25:49 Scale Barding Armor
26:09 Forging
27:09 Chain Barding Armor
28:34 Iron Casting
31:21 Imperial Age
29:40 Hand Cart
29:13 Town Watch
30:37 Gold Shaft Mining
29:53 Stone Mining
30:55 Fletching
31:05 Padded Archer Armor
31:03 Cavalier
34:15 Plate Barding Armor
35:03 Blast Furnace
34:25 Bodkin Arrow
36:16 Savar
39:02 Conscription
39:08 Leather Archer Armor
39:17 Town Patrol
40:34 Ring Archer Armor
40:05 Scale Mail Armor
40:31 Elite Skirmisher
41:17 Thumb Ring
42:31 Ballistics
43:12 Chemistry
[KKCK]Erdinger_CLs
11:02 Feudal Age
16:27 Castle Age
14:25 Horse Collar
14:55 Double-Bit Axe
15:30 Gold Mining
16:08 Stone Mining
22:35 Heavy Plow
22:52 Bow Saw
24:49 Wheelbarrow
30:39 Imperial Age
28:59 Hand Cart
29:04 Scale Barding Armor
30:25 Ballistics
31:24 Chain Barding Armor
31:14 Forging
32:38 Chemistry
31:07 Elite Mameluke
32:49 Gold Shaft Mining
33:04 Plate Barding Armor
32:51 Conscription
33:36 Iron Casting
36:06 Two-Man Saw
36:25 Blast Furnace
44:46 Padded Archer Armor
44:37 Fletching
Danub
9:09 Feudal Age
14:46 Castle Age
12:47 Double-Bit Axe
13:14 Horse Collar
15:50 Bow Saw
17:03 Fervor
17:02 Heavy Plow
19:46 Loom
21:19 Wheelbarrow
21:17 Gold Mining
21:52 Town Watch
22:01 Stone Mining
24:46 Gold Shaft Mining
29:12 Imperial Age
27:08 Scale Mail Armor
27:24 Forging
27:58 Stone Shaft Mining
28:13 Hand Cart
28:51 Chain Mail Armor
29:38 Kshatriyas
29:22 Arson
30:48 Conscription
31:10 Ballistics
31:51 Chemistry
31:05 Elite Chakram Thrower
33:13 Plate Mail Armor
33:19 Iron Casting
33:53 Fletching
34:52 Treadmill Crane
35:09 Murder Holes
36:24 Husbandry
36:35 Bloodlines
35:46 Heavy Camel Rider
37:02 Frontier Guards
37:08 Bodkin Arrow
37:19 Scale Barding Armor
38:02 Bracer
39:42 Crop Rotation
40:18 Chain Barding Armor
40:45 Town Patrol
40:58 Masonry
42:17 Hoardings
43:21 Plate Barding Armor
43:48 Padded Archer Armor
john wick
11:01 Feudal Age
12:36 Wheelbarrow
15:10 Castle Age
13:25 Double-Bit Axe
13:33 Horse Collar
19:47 Forging
19:37 Scale Mail Armor
20:48 Squires
23:41 Arson
24:22 Chain Mail Armor
28:49 Iron Casting
28:54 Gambesons
30:23 Devotion
31:16 Loom
31:24 Fletching
36:33 Town Watch
38:01 Stone Mining
38:01 Gold Mining
41:58 Imperial Age
41:11 Heavy Plow
43:31 Plate Mail Armor
44:30 Blast Furnace
44:37 Bodkin Arrow
The Geo
12:16 Feudal Age
17:17 Castle Age
18:25 Loom
19:44 Double-Bit Axe
24:38 Padded Archer Armor
26:18 Leather Archer Armor
36:43 Imperial Age
34:02 Horse Collar
35:52 Wheelbarrow
36:43 Masonry
38:22 Conscription
39:43 Chemistry
39:47 Bow Saw
40:56 Bloodlines
41:14 Scale Barding Armor
40:36 Cavalier
42:22 Forging
42:33 Chain Barding Armor
44:17 Iron Casting
Connection lost

Rejoining the realm…

Still unreachable

The connection could not be restored.

Session expired

The server has moved on; the page needs a fresh start.